 Dungeon Crawl Stone Soup version 0.26.1-11-gd32895ea62 (webtiles) character file.

Game seed: 16429878656759091129

163 jf82 the Chopper (level 5, 0/46 HPs)
             Began as a Hill Orc Monk on July 7, 2021.
             Slain by an orc warrior
             ... wielding a +0 short sword
              (15 damage)
             ... on level 2 of the Dungeon.
             The game lasted 00:08:32 (3536 turns).

jf82 the Chopper (Hill Orc Monk)                    Turns: 3536, Time: 00:08:33

Health: 0/46       AC:  6    Str: 15    XL:     5   Next: 44%
Magic:  5/5        EV: 12    Int: 10    God:
Gold:   63         SH:  0    Dex: 13    Spells: 4/4 levels left

rFire    . . .     SeeInvis .   a - +0 hand axe
rCold    . . .     Faith    .   (no shield)
rNeg     . . .     Spirit   .   d - +0 ring mail
rPois    .         Reflect  .   (no helmet)
rElec    .         Harm     .   s - +0 cloak
rCorr    .         Rampage  .   (no gloves)
Will     .....                  (no boots)
Stlth    +.........             (no amulet)
HPRegen  0.15/turn              (no ring)
MPRegen  0.09/turn              (no ring)

@: no status effects
A: no striking features
a: no special abilities


You were on level 2 of the Dungeon.
You visited 1 branch of the dungeon, and saw 3 of its levels.

You collected 63 gold pieces.

Inventory:

Hand Weapons
 a - a +0 hand axe (weapon)
 g - a +2 hunting sling of flaming
Missiles
 f - 13 bolts
 k - 13 javelins (quivered)
Armour
 d - a +0 ring mail (worn)
 e - a cursed +0 leather armour
 s - a +0 cloak (worn)
 u - a +0 chain mail
Jewellery
 n - an uncursed ring of fire {unknown}
 o - an uncursed ring of magical power {unknown}
 y - an uncursed amulet of the acrobat {unknown}
Wands
 r - a wand of digging (5)
Scrolls
 b - 3 scrolls of identify {unknown}
 c - 2 scrolls of blinking {unknown}
 h - a scroll of immolation {unknown}
 j - a scroll of fog {unknown}
 q - a scroll of teleportation {unknown}
 v - a scroll of remove curse {unknown}
 z - a scroll of magic mapping {unknown}
Potions
 i - a potion of ambrosia {unknown}
 l - 2 potions of invisibility {unknown}
 m - 2 potions of attraction {unknown}
 p - 2 potions of brilliance {unknown}
 t - a potion of flight {unknown}
 w - a potion of heal wounds {unknown}
 x - a potion of cancellation {unknown}


   Skills:
 - Level 4.0 Fighting
 + Level 6.0 Axes
 - Level 3.0 Armour
 - Level 3.0 Dodging
 - Level 1.5 Stealth


You had 4 spell levels left.
You didn't know any spells.
Your spell library was empty.

Dungeon Overview and Level Annotations

Branches:
Dungeon (3/15)

Altars:
Fedhas

Annotations:
D:2 Sigmund


Message History

There is a stone staircase leading up here.
The orc warrior hits you with a +0 short sword.
You climb upwards.
Level annotation: Sigmund
There is a stone staircase leading down here.
Okay, then.
You hit the orc warrior but do no damage.
The orc warrior barely misses you.
You closely miss the orc warrior.
The orc warrior hits you with a +0 short sword!
You hit the orc warrior.
The orc warrior is lightly wounded.
The orc warrior hits you with a +0 short sword!!
You completely miss the orc warrior.
The orc warrior is lightly wounded.
The orc warrior misses you.
You barely miss the orc warrior.
The orc warrior is lightly wounded.
The orc warrior hits you with a +0 short sword!
You die...

.# #######.#.## #.....
.# ##.#.####.#.## ##
#.#.........#
##.#.####.### ###.#
#.#### #.# #.....
#.######### ####
##########.......###
...#
#..@o....#.........#
...#
#.######.#..####.#.#
...#
#.######.#..##......
...#
##.##...........#.#.#
@..#
#.....###.........#.#
.### #..####
#....######.# .#
#..######.#..######.# .#
#.........#.........# .#
####.#########.#######.#


You could see an orc warrior.

Vanquished Creatures
  Crazy Yiuf (D:2)
  5 adders
  An ooze (D:2)
  2 worms
  A dart slug (D:1)
  5 leopard geckos
  2 orcs
  7 bats
  4 giant cockroaches
  6 goblins
  7 hobgoblins
  4 jackals
  A quokka (D:3)
  4 frilled lizards
  8 kobolds
  10 rats
68 creatures vanquished.

Notes
Turn   | Place    | Note
-------+----------+-------------------------------------------
     0 | D:1      | jf82 the Hill Orc Monk began the quest for the Orb.
     0 | D:1      | Reached XP level 1. HP: 19/19 MP: 1/1
   108 | D:1      | Reached XP level 2. HP: 22/27 MP: 2/2
   366 | D:1      | Reached skill level 1 in Armour
   559 | D:1      | Reached XP level 3. HP: 33/33 MP: 3/3
  1096 | D:2      | Noticed Sigmund
  1566 | D:2      | Reached XP level 4. HP: 37/40 MP: 4/4
  1734 | D:2      | Reached skill level 5 in Axes
  2190 | D:2      | Found a runed translucent door.
  2191 | D:2      | Noticed Crazy Yiuf
  2204 | D:2      | Killed Crazy Yiuf
  2369 | D:2      | Found a blossoming altar of Fedhas.
  2495 | D:3      | Reached XP level 5. HP: 38/46 MP: 5/5
  3467 | D:3      | Noticed an orc warrior
  3481 | D:3      | Reached skill level 6 in Axes
  3536 | D:2      | Slain by an orc warrior

Illustrated notes

Levels and vault maps discovered:
D:1:      psy_arrival_statuary, layout_loops_ring, chequers_garden
D:2:      layout_loops_corners, nicolae_overflow_hidden_temple,
          kennysheep_generic_room_15, uniq_crazy_yiuf_cottage, uniq_sigmund
D:3:      layout_basic

Skill      XL: |  1  2  3  4  5 |
---------------+----------------+-----
Armour         | 1 2 3 |  3.0
Fighting       | 4 |  4.0
Dodging        | 3 |  3.0
Axes           | 5 6 |  6.0
Stealth        | |  1.5

Action                   |  1- 3 |  4- 6 || total
-------------------------+-------+-------++-------
Melee: Hand axe          |   121 |   116 ||   237
 Stab: Sleeping          |       |     2 ||     2
Armor: Ring mail         |    55 |    29 ||    84
       Robe              |     2 |       ||     2
Dodge: Dodged            |    95 |    70 ||   165
